AoeStats
← kirbygus

Highland

504668179Analyzed
4v4 RM · 27d ago on Sep 6, 2026· 64m 9s· 8 players
Game mode
Random Map
Map size
Large (8 player)
Population
200
Speed
Normal
Resources
Standard
Victory
Conquest
Starting age
Dark Age
Ending age
Imperial Age
RankedLock teamsTeams togetherTeam positionsShared explorationLock speedFull tech treeHidden civsTurbo modeCheats
Victory
Defeat
🇨🇳 Bohemians · China
835
+16
🇨🇳 Chinese · China
801
+17
🇧🇷 Tatars · Brazil
797
+17
🇲🇽 Spanish · Mexico
787
+18
🇲🇽 Spanish · Mexico
886
-19
🇲🇽 Mongols · Mexico
882
-20
🇲🇽 Huns · Mexico
790
-17
🇲🇽 Maya · Mexico
761
-14
jenksulivan
0:28 Loom
13:31 Feudal Age
18:02 Castle Age
17:45 Horse Collar
19:24 Wheelbarrow
20:31 Double-Bit Axe
33:49 Imperial Age
31:39 Hand Cart
33:06 Stone Mining
33:07 Gold Mining
33:29 Bow Saw
35:38 Chemistry
35:08 Scale Barding Armor
35:14 Forging
35:04 Scale Mail Armor
34:56 Fletching
35:07 Padded Archer Armor
35:15 Pikeman
35:56 Squires
35:43 Arson
36:01 Halberdier
37:38 Gold Shaft Mining
37:12 Elite Keshik
38:00 Silk Armor
38:12 Timurid Siegecraft
39:02 Chain Barding Armor
39:18 Iron Casting
38:58 Leather Archer Armor
38:39 Bodkin Arrow
41:36 Capped Ram
43:04 Siege Ram
45:09 Plate Barding Armor
45:35 Blast Furnace
49:36 Heavy Camel Rider
50:20 Husbandry
50:30 Bloodlines
51:35 Ring Archer Armor
51:05 Bracer
55:43 Elite Skirmisher
56:26 Cavalier
56:30 Light Cavalry
Oberst Wurst
8:06 Loom
10:30 Feudal Age
12:19 Double-Bit Axe
13:37 Horse Collar
20:31 Castle Age
21:55 Town Watch
23:27 Wheelbarrow
22:59 Fletching
24:11 Guard Tower
25:07 Bodkin Arrow
25:32 Masonry
26:00 Heavy Plow
26:46 Ballistics
31:03 Imperial Age
31:15 Bow Saw
33:19 Two-Man Saw
32:59 Padded Archer Armor
33:56 Leather Archer Armor
34:32 Gold Mining
37:41 Ring Archer Armor
37:54 Elite Skirmisher
38:45 Bracer
39:48 Architecture
42:02 Chemistry
42:10 Thumb Ring
43:10 Hoardings
42:57 Conscription
54:00 Scale Mail Armor
59:56 Caravan
Manchuria lmuberjack
0:38 Loom
12:11 Feudal Age
14:59 Double-Bit Axe
19:02 Castle Age
17:00 Gold Mining
20:31 Wheelbarrow
21:35 Medium Warships
24:07 Horse Collar
29:42 Hand Cart
30:27 Gold Shaft Mining
30:18 Fletching
30:39 Forging
30:29 Scale Mail Armor
30:30 Padded Archer Armor
35:02 Imperial Age
33:32 Thumb Ring
33:59 Bow Saw
34:51 Crossbowman
37:18 Arbalester
39:51 Conscription
41:05 Capped Ram
41:17 Elite Chu Ko Nu
44:25 Siege Ram
45:51 Bodkin Arrow
46:31 Iron Casting
46:12 Chain Mail Armor
45:57 Padded Archer Armor
49:21 Elite Skirmisher
50:39 Bracer
50:55 Chain Mail Armor
50:39 Murder Holes
50:49 Light Cavalry
51:39 Bloodlines
51:30 Husbandry
51:58 Town Watch
52:21 Caravan
55:19 Elite Fire Lancer
55:20 Pikeman
56:44 Halberdier
57:28 Squires
60:29 Blast Furnace
59:59 Plate Mail Armor
59:44 Leather Archer Armor
种地的老农
12:23 Feudal Age
10:40 Loom
16:39 Castle Age
15:04 Double-Bit Axe
32:16 Imperial Age
29:34 Loom
31:33 Chemistry
30:54 Ballistics
31:34 Wheelbarrow
30:45 Town Watch
30:42 Horse Collar
31:15 Squires
30:36 Pikeman
34:31 Hand Cart
34:28 Fletching
34:40 Scale Mail Armor
34:40 Padded Archer Armor
36:47 Bodkin Arrow
37:08 Chain Mail Armor
37:21 Town Patrol
39:05 Caravan
41:15 Bracer
41:47 Plate Mail Armor
41:33 Leather Archer Armor
41:37 Bow Saw
45:45 Halberdier
47:22 Ring Archer Armor
46:21 Crossbowman
46:22 Elite Skirmisher
48:39 Siege Engineers
48:44 Masonry
49:53 Houfnice
57:20 Wagenburg Tactics
57:44 Conscription
59:26 Forging
64:28 Guilds
XJerkX
0:28 Loom
11:06 Feudal Age
14:36 Double-Bit Axe
18:58 Castle Age
16:48 Fishing Lines
17:51 Horse Collar
18:04 Gold Mining
19:02 Demolition Ship
20:45 Bow Saw
21:15 Fletching
24:17 Town Watch
29:22 Stone Mining
30:08 Gold Shaft Mining
32:04 Heavy Plow
35:50 Imperial Age
33:21 Bodkin Arrow
33:27 Padded Archer Armor
34:15 Wheelbarrow
37:07 Conscription
37:33 Hand Cart
37:46 Bloodlines
38:45 Bracer
39:00 Leather Archer Armor
39:15 Ballistics
39:25 Elite Mangudai
41:39 Chemistry
40:50 Masonry
42:04 Scale Barding Armor
42:10 Forging
42:08 Siege Engineers
41:59 Murder Holes
44:05 Hoardings
43:04 Light Cavalry
43:44 Husbandry
44:06 Hussar
45:24 Iron Casting
45:09 Chain Barding Armor
45:22 Town Patrol
51:55 Blast Furnace
53:43 Capped Ram
56:20 Caravan
56:51 Coinage
60:54 Banking
kirbygus
14:26 Feudal Age
20:41 Castle Age
20:28 Double-Bit Axe
20:26 Horse Collar
27:34 Forging
27:35 Scale Barding Armor
29:08 Bow Saw
29:06 Heavy Plow
33:46 Caravan
33:42 Gold Mining
35:32 Bloodlines
35:24 Husbandry
36:02 Murder Holes
36:28 Ballistics
38:27 Pikeman
38:32 Man-at-Arms
39:15 Squires
39:31 Forging
39:42 Chain Barding Armor
39:23 Scale Mail Armor
41:58 Imperial Age
40:13 Wheelbarrow
40:29 Long Swordsman
42:47 Masonry
43:23 Two-Handed Swordsman
45:44 Chemistry
45:08 Conscription
45:38 Cavalier
50:12 Iron Casting
49:56 Chain Mail Armor
50:17 Plate Barding Armor
54:51 Hand Cart
fabianguerra07
0:36 Loom
12:20 Feudal Age
18:59 Castle Age
18:10 Horse Collar
18:18 Double-Bit Axe
19:21 Stone Mining
25:47 Fletching
25:57 Padded Archer Armor
26:08 Forging
25:58 Scale Mail Armor
28:13 Bow Saw
27:50 Crossbowman
29:48 Gold Mining
32:03 Stone Shaft Mining
31:55 Town Watch
32:10 Treadmill Crane
32:32 Eagle Warrior
34:12 Wheelbarrow
34:23 Bodkin Arrow
34:43 Leather Archer Armor
34:51 Ballistics
40:32 Imperial Age
38:18 Hand Cart
38:04 Town Patrol
40:01 Town Patrol
42:35 Imperial Age
40:18 Thumb Ring
45:24 Elite Skirmisher
46:52 Leather Archer Armor
46:38 Bracer
47:07 Murder Holes
51:21 Town Patrol
51:48 Arbalester
53:59 Ring Archer Armor
54:34 Holcans
58:28 Elite Eagle Warrior
Jorgexld
0:30 Loom
11:09 Feudal Age
13:29 Wheelbarrow
12:44 Double-Bit Axe
13:12 Horse Collar
21:26 Castle Age
24:06 Hand Cart
23:57 Gold Mining
23:58 Stone Mining
25:35 Stone Shaft Mining
26:02 Bow Saw
26:13 Heavy Plow
33:36 Gold Mining
34:59 Scale Barding Armor
34:54 Scale Mail Armor
35:05 Forging
39:02 Imperial Age
36:48 Light Cavalry
37:38 Bloodlines
37:29 Husbandry
37:56 Chain Barding Armor
37:52 Chain Mail Armor
39:31 Iron Casting
39:31 Hussar
39:33 Cavalier
40:48 Paladin
42:58 Plate Mail Armor
43:04 Plate Barding Armor
43:30 Blast Furnace
43:56 Inquisition
43:17 Elite Conquistador
45:21 Supremacy
51:22 Caravan
51:52 Coinage
51:33 Guilds
56:59 Banking
Connection lost

Rejoining the realm…

Still unreachable

The connection could not be restored.

Session expired

The server has moved on; the page needs a fresh start.